 Dungeon Crawl Stone Soup version 0.30-a0-632-g346586fe48 (webtiles) character file.

Game seed: 2905084461037228066

30 drugrobin the Sneak (level 2, 0/25 HPs)
             Began as a Demigod Delver on Jan 14, 2023.
             Slain by an orc wizard
             ... wielding a +0 dagger
              (1 damage)
             ... on level 3 of the Dungeon.
             The game lasted 00:02:23 (463 turns).

drugrobin the Sneak (Demigod Delver)                 Turns: 463, Time: 00:02:24

Health: 0/25       AC:  3    Str: 13    XL:     2   Next: 87%
Magic:  4/4        EV: 11    Int: 12    God:
Gold:   21         SH:  0    Dex: 15    Spells: 1/1 levels left

rFire   . . .      SeeInvis .      - Unarmed
rCold   . . .      Faith    .    (no shield)
rNeg    . . .      Spirit   .    a - +0 leather armour
rPois   .          Reflect  .    (no helmet)
rElec   .          Harm     .    (no cloak)
rCorr   .          Rampage  .    (no gloves)
Will    .....                    (no boots)
Stlth   +                        (no amulet)
HPRegen 0.24/turn                (no ring)
MPRegen 0.09/turn                (no ring)

@: confused
A: high MP 1, forlorn, divine attributes
a: no special abilities


You were on level 3 of the Dungeon.
You visited 1 branch of the dungeon, and saw 3 of its levels.

You collected 21 gold pieces.

Inventory:

Missiles
 h - 6 poisoned darts (quivered)
Armour
 a - a +0 leather armour (worn)
 g - the +0 ring mail of Impressiveness {rPois Str-3 Dex+2}
   (You found it on level 3 of the Dungeon)

   Str:       It affects your strength (-3).
   Dex:       It affects your dexterity (+2).
   rPois:     It protects you from poison.
Wands
 d - a wand of mindburst (6)
 f - a wand of digging (3)
Scrolls
 b - a scroll of fog
 c - a scroll of magic mapping
Potions
 e - a potion of haste


   Skills:
 - Level 2.6 Fighting
 - Level 1.7 Dodging
 - Level 4.5 Stealth
 + Level 3.2 Unarmed Combat


You had one spell level left.
You didn't know any spells.
Your spell library was empty.

Dungeon Overview and Level Annotations

Branches:
Dungeon (5/15)
 Temple: D:4-7

Annotations:
D:3 Natasha
D:4 exclusion: necrophage


Innate Abilities, Weirdness & Mutations

You have an increased reservoir of magic. (+10% MP)
You shall have no god before yourself.
Your divine heritage dramatically boosts your attributes as you level up.


Message History

Something's mind is blasted.
You hear some strange, mumbled words.
You are confused.
Unknown command.
Unknown command.
Unknown command.
You hear some strange, mumbled words.
You are more confused.
Unknown command.
Unknown command.
Unknown command.
You hear some strange, mumbled words.
A magic dart appears from out of thin air!
The magic dart hits you!
* * * LOW HITPOINT WARNING * * *
Unknown command.
Unknown command.
Unknown command.
You bump into the rock wall.
Something hits you.
* * * LOW HITPOINT WARNING * * *
Unknown command.
Unknown command.
Unknown command.
Unknown command.
You are too confused!
Unknown command.
Unknown command.
Unknown command.
You are too confused!
Unknown command.
Unknown command.
Something hits you.
* * * LOW HITPOINT WARNING * * *
Unknown command.
Unknown command.
Okay, then.
You are too confused!
Unknown command.
You're too confused to move!
Something hits you.
You die...

... ##...........o...
........
#.....##.(......
#........#
#.###{##........ ...#
..# #.# #.##########
#### ..# #.# #.# #.#
#.# #.# #.# #.###.#
########.######..##.#
................@{..#
...################.#
#### #.# #.# #.# #.#
#.# ###


There were no monsters in sight!

Vanquished Creatures
  An iguana (D:3)
  An orc (D:4)
  A ball python (D:4)
  A hobgoblin (D:3)
4 creatures vanquished.

Notes
Turn   | Place    | Note
-------+----------+-------------------------------------------
     0 | D:5      | drugrobin the Demigod Delver began the quest for the Orb.
     0 | D:5      | Reached XP level 1. HP: 18/18 MP: 3/3
   114 | D:4      | Noticed a necrophage
   280 | D:3      | Noticed an iguana
   301 | D:3      | Identified the +0 ring mail of Impressiveness {rPois Str-3
                  | Dex+2}
   311 | D:3      | Noticed Natasha
   319 | D:3      | Killed an iguana
   320 | D:3      | Reached XP level 2. HP: 12/25 MP: 4/4
   462 | D:3      | HP: 1/25 [something (3)]
   463 | D:3      | Slain by an orc wizard

Illustrated notes

Levels and vault maps discovered:
D:3:      layout_basic, hex_tiny, minmay_pentangle, uniq_natasha, uniq_robin
D:4:      layout_loops_corners, lemuel_tele_altar, mainiacjoe_overflow_alcove_1,
          slow_altar_2, minmay_misc_feat_chi, chequers_serial_rivers_room_b,
          chequers_serial_rivers_micro_a, uniq_sigmund
D:5:      layout_basic, minmay_temple_entry_wispy, chequers_mini_garden,
          minmay_misc_feat_four_crosses, kennysheep_generic_room_8

Skill      XL: |  1 |
---------------+----+-----
Unarmed Combat | 3 |  3.2
Fighting       | |  2.6
Dodging        | |  1.7
Stealth        | |  4.5

Action                   || total
-------------------------++-------
Melee: Unarmed           ||    26
Evoke: Wand              ||     3
  Use: Scroll            ||     2
Armor: Leather armour    ||     2
Dodge: Dodged            ||    11

Table legend: (Time is in decaauts)
 A = Elapsed time spent in this place.
 B = Non-inter-level travel time spent in this place.
 C = Inter-level travel time spent in this place.
 D = Time resting spent in this place.
 E = Time spent auto-exploring this place.
 F = Levels seen in this place.
 G = Mean time per level.
                   A        B        C        D        E       F      G
               +--------+--------+--------+--------+--------+-----+--------+
         Total |    461 |    461 |      0 |    105 |     83 |   3 |  153.7 |
       Dungeon |    461 |    461 |      0 |    105 |     83 |   3 |  153.7 |
               +--------+--------+--------+--------+--------+-----+--------+

Top non-repeatable levels by time:
     D:3: 254 daAuts
     D:4: 201 daAuts
     D:5: 6 daAuts
